 Dungeon Crawl Stone Soup version 0.30-a0-986-g7f2e898f52 (webtiles) character file.

Game seed: 12056359869283639817

886 benadryl the Destroyer (level 7, -2/46 HPs)
             Began as a Demonspawn Conjurer on Apr 1, 2023.
             Slain by an orc warrior
             ... wielding a +0 halberd
              (20 damage)
             ... on level 7 of the Dungeon.
             The game lasted 00:08:08 (3984 turns).

benadryl the Destroyer (Demonspawn Conjurer)        Turns: 3984, Time: 00:08:09

Health: -2/46      AC:  2    Str:  8    XL:     7   Next: 76%
Magic:  1/14       EV: 12    Int: 21    God:
Gold:   338        SH:  0    Dex: 17    Spells: 10/16 levels left

rFire   . . .      SeeInvis .    e - +2 whip (distort)
rCold   . . .      Faith    .    (no shield)
rNeg    . . .      Spirit   .    a - +0 robe
rPois   .          Reflect  .    (no helmet)
rElec   .          Rampage  .    (no cloak)
rCorr   +                        (no gloves)
Will    .....                    (no boots)
Stlth   ++                       (no amulet)
HPRegen 0.27/turn                s - ring of resist corrosion
MPRegen 0.14/turn                k - +6 ring of dexterity

@: no status effects
A: claws 1, demonic guardian 2, powered by death 1
a: no special abilities


You were on level 7 of the Dungeon.
You visited 1 branch of the dungeon, and saw 5 of its levels.
You also visited: Sewer.

You collected 338 gold pieces.

Inventory:

Hand Weapons
 d - a +0 dagger
 e - a +2 whip of distortion (weapon)
Armour
 a - a +0 robe (worn)
Jewellery
 k - a +6 ring of dexterity (right claw)
 p - an amulet of faith
 s - a ring of resist corrosion (left claw)
Wands
 n - a wand of iceblast (3)
Scrolls
 g - a scroll of poison
 j - a scroll of brand weapon {unknown}
 l - 2 scrolls of enchant armour {unknown}
 m - 2 scrolls of identify {unknown}
 q - a scroll of enchant weapon {unknown}
 r - a scroll of fog {unknown}
Potions
 b - a potion of magic
 c - a potion of curing {@q1}
 f - 2 potions of berserk rage {unknown}
 h - a potion of might {unknown}
 i - a potion of lignification {unknown}
 o - 2 potions of attraction {unknown}


   Skills:
 - Level 1.7 Dodging
 - Level 1.7 Stealth
 - Level 5.0 Spellcasting
 * Level 8.3 Conjurations


You had 10 spell levels left.
You knew the following spells:

 Your Spells              Type           Power      Damage    Failure   Level
a - Magic Dart            Conj           100%       1d8       1%          1
b - Searing Ray           Conj           80%        2d7       1%          2
c - Stone Arrow           Conj/Erth      44%        3d9       6%          3

Your spell library contained the following spells:

 Spells                   Type           Power      Damage    Failure   Level
 Dazzling Flash           Conj/Hex       44%        N/A       6%          3
 Apportation              Tloc           10%        N/A       11%         1
 Beastly Appendage        Tmut           10%        N/A       11%         1
 Sandblast                Erth           10%        2d5       11%         1
 Mephitic Cloud           Conj/Pois/Air  16%        N/A       11%         3
 Cigotuvi's Dreadful Rot  Necr/Pois/Air  10%        N/A       16%         2
 Passwall                 Tmut/Erth      4%         N/A       16%         2
 Poisonous Vapours        Pois/Air       10%        N/A       16%         2
 Wereblood                Tmut           5%         N/A       16%         2
 Fulminant Prism          Conj/Hex       11%        3d9       19%         4
 Iskenderun's Mystic Bla  Conj/Tloc      22%        2d6       19%         4
 Spider Form              Tmut/Pois      5%         N/A       32%         3
 Alistair's Intoxication  Tmut/Pois      3%         N/A       96%         5


Dungeon Overview and Level Annotations

Branches:
Dungeon (4/15)              Sewer (visited)
 Temple: D:4-7

Altars:

Annotations:
D:7 1 runed translucent door, Crazy Yiuf


Innate Abilities, Weirdness & Mutations

You have sharp fingernails.
A demonic guardian rushes to your aid.
You regenerate a little health from kills.


Message History

Casting: Stone Arrow (dangerous; 6% risk of failure)
Confirm with . or Enter, or press ? or * to list all spells.
Aiming: Stone Arrow (dangerous; 6% risk of failure)
Press: ? - help, Shift-Dir - straight line, f/p - orc warrior
Aim: an orc warrior, wielding a +0 halberd, wearing a +0 chain mail and quivering stones (moderately wounded, 68% to hit)
The stone arrow hits the orc warrior!
The orc warrior is severely wounded.
The orc warrior misses you.
Casting: Stone Arrow (dangerous; 6% risk of failure)
Confirm with . or Enter, or press ? or * to list all spells.
You don't have enough magic to cast this spell.
Unknown command.
Unknown command.
The orc wizard mumbles some strange words.
The orc wizard flickers and vanishes!
Deactivating autopickup; reactivate with Ctrl-A.
The orc warrior hits you from afar with a +0 halberd!!
Casting: Stone Arrow (dangerous; 6% risk of failure)
Confirm with . or Enter, or press ? or * to list all spells.
You don't have enough magic to cast this spell.
Aiming: Magic Dart (safe; 1% risk of failure)
Press: ? - help, Q - select action, (/) - cycle Shift-Dir - straight line, f/p - orc warrior
Aim: an orc warrior, wielding a +0 halberd, wearing a +0 chain mail and quivering stones (severely wounded, 100% to hit)
The magic dart hits the orc warrior but does no damage.
The orc warrior is severely wounded.
The orc warrior closely misses you.
You don't have enough magic to cast this spell.
You don't have enough magic to cast this spell.
The orc warrior closely misses you.
Unknown command.
Something hits you.
The orc warrior hits you with a +0 halberd.
You hit the orc warrior but do no damage.
The orc warrior is severely wounded.
Something hits you but does no damage. The orc warrior barely misses you.
You hit the orc warrior.
The orc warrior is almost dead.
Something hits you.
The orc warrior hits you with a +0 halberd!!
You die...

##..†......#
#..........#
#..........#
#..........# ##
#.#+##########.#
##..##....##...# ###
#..............#....
#....o..............
##...@###...........
#+..+# ####..##.##.
#....# #..# ##.(.#
..o.. ##)## ...)og
##)# ####...# #)##
...# #.# ..oo #.##


You could see an orc warrior.

Vanquished Creatures
  A water moccasin (D:7)
  A sky beast (D:7)
  An ice beast (D:7)
  2 centaurs
  2 bullfrogs
  2 orc wizards
  2 adders (D:2)
  2 gnolls (D:2)
  A shadow imp (D:7)
  2 dart slugs (D:1)
  4 orcs
  5 bats
  7 endoplasms
  7 giant cockroaches
  4 goblins
  3 hobgoblins
  4 jackals (D:2)
  8 quokkas
  13 ball pythons
  9 frilled lizards
  4 kobolds
  6 rats
  A butterfly (D:1)
91 creatures vanquished.

Vanquished Creatures (collateral kills)
  A bullfrog (Sewer)
  A gnoll (D:2)
  An adder (D:4)
  A dart slug (D:1)
  An endoplasm (Sewer)
  A giant cockroach (Sewer)
  A kobold (D:4)
  3 quokkas (Sewer)
  A ball python (D:2)
  2 frilled lizards (Sewer)
13 creatures vanquished.

Grand Total: 104 creatures vanquished

Notes
Turn   | Place    | Note
-------+----------+-------------------------------------------
     0 | D:1      | benadryl the Demonspawn Conjurer began the quest for the
                  | Orb.
     0 | D:1      | Reached XP level 1. HP: 13/13 MP: 3/3
   214 | D:1      | Gained mutation: A weak demonic guardian rushes to your
                  | aid. [demonic ancestry]
   214 | D:1      | Reached XP level 2. HP: 19/19 MP: 1/5
  1188 | D:2      | Reached XP level 3. HP: 24/24 MP: 7/7
  1437 | D:2      | Gained mutation: You have sharp fingernails. [demonic
                  | ancestry]
  1437 | D:2      | Reached XP level 4. HP: 4/30 MP: 5/10
  2416 | D:3      | Gained mutation: You regenerate a little health from kills.
                  | [demonic ancestry]
  2416 | D:3      | Reached XP level 5. HP: 35/35 MP: 12/12
  2666 | D:3      | Learned a level 2 spell: Searing Ray
  2739 | D:3      | Reached skill level 5 in Spellcasting
  2739 | D:3      | Found a glowing drain.
  2748 | Sewer    | Entered a sewer
  3177 | Sewer    | HP: 1/35 [bullfrog (8)]
  3178 | Sewer    | Reached skill level 5 in Conjurations
  3181 | Sewer    | Gained mutation: A demonic guardian rushes to your aid.
                  | [demonic ancestry]
  3181 | Sewer    | Reached XP level 6. HP: 6/41 MP: 9/13
  3304 | Sewer    | Identified the +6 chain mail of the Gloaming {Str+2}
  3535 | D:4      | Learned a level 3 spell: Stone Arrow
  3575 | D:4      | Reached skill level 6 in Conjurations
  3774 | D:4      | You fall into a shaft and drop 3 floors!
  3779 | D:7      | Noticed a sky beast
  3782 | D:7      | Killed a sky beast
  3810 | D:7      | Noticed a water moccasin
  3821 | D:7      | Killed a water moccasin
  3822 | D:7      | Reached skill level 7 in Conjurations
  3822 | D:7      | Reached XP level 7. HP: 24/46 MP: 0/14
  3943 | D:7      | Found a runed translucent door.
  3944 | D:7      | Noticed Crazy Yiuf
  3949 | D:7      | Reached skill level 8 in Conjurations
  3984 | D:7      | Slain by an orc warrior

Illustrated notes

Levels and vault maps discovered:
D:1:      lightli_arrival_maybe_door_vault, layout_basic, minmay_misc_feat_x,
          roderic_lattice_a, hangedman_glass_garden
D:2:      layout_basic, minivault_14, kennysheep_generic_room_7
D:3:      layout_rooms, portal_sewer_entry_d
D:4:      layout_loops_ring, bloody_makhleb
D:7:      layout_gridville, minmay_temple_entry_offerings, enter_bailey_4,
          uniq_crazy_yiuf_cottage

Skill      XL: |  1  2  3  4  5  6  7 |
---------------+----------------------+-----
Spellcasting   | 3 4 5 |  5.0
Conjurations   | 5 7 8 |  8.3
Dodging        | |  1.7
Stealth        | |  1.7

Action                     |  1- 3 |  4- 6 |  7- 9 || total
---------------------------+-------+-------+-------++-------
  Melee: Unarmed           |    22 |       |       ||    22
         Whip              |    55 |   160 |    14 ||   229
         Dagger            |     1 |       |       ||     1
   Cast: Magic Dart        |    19 |    20 |     1 ||    40
         Stone Arrow       |       |     8 |     7 ||    15
    Use: Potion            |     2 |     3 |       ||     5
         Scroll            |       |     2 |       ||     2
   Stab: Sleeping          |     3 |     3 |       ||     6
 Armour: Robe              |    19 |    44 |     6 ||    69
  Dodge: Dodged            |    56 |   140 |    10 ||   206

Table legend: (Time is in decaauts)
 A = Elapsed time spent in this place.
 B = Non-inter-level travel time spent in this place.
 C = Inter-level travel time spent in this place.
 D = Time resting spent in this place.
 E = Time spent auto-exploring this place.
 F = Levels seen in this place.
 G = Mean time per level.
                   A        B        C        D        E       F      G
               +--------+--------+--------+--------+--------+-----+--------+
         Total |   4083 |   3911 |    172 |    907 |   2050 |   6 |  680.5 |
       Dungeon |   3425 |   3253 |    172 |    640 |   2031 |   5 |  685.0 |
         Sewer |    658 |    658 |      0 |    267 |     19 |   1 |  658.0 |
               +--------+--------+--------+--------+--------+-----+--------+

Top non-repeatable levels by time:
     D:2: 1165 daAuts
     D:1: 1005 daAuts
   Sewer: 658 daAuts
     D:3: 647 daAuts
     D:4: 397 daAuts
     D:7: 210 daAuts
